 Dungeon Crawl Stone Soup version 0.28-a0-793-g31680bbd8b (webtiles) character file.

Game seed: 2028882841113051219

106 croobank the Magician (level 4, -1/24 HPs)
             Began as a Deep Elf Hedge Wizard on Nov 4, 2021.
             Slain by an adder (3 damage)
             ... on level 4 of the Dungeon.
             The game lasted 00:24:20 (4380 turns).

croobank the Magician (Deep Elf Hedge Wizard)       Turns: 4380, Time: 00:24:21

Health: -1/24      AC:  3    Str:  7    XL:     4   Next: 55%
Magic:  12/13      EV: 13    Int: 20    God:
Gold:   99         SH:  0    Dex: 14    Spells: 2/14 levels left

rFire   . . .      SeeInvis .   l - +1 dagger (elec)
rCold   . . .      Faith    .   (no shield)
rNeg    . . .      Spirit   .   b - +0 robe
rPois   .          Reflect  .   c - +0 hat
rElec   .          Harm     .   m - +0 cloak
rCorr   .          Rampage  .   (no gloves)
Will    .....                   (no boots)
Stlth   ++........              (no amulet)
HPRegen 0.08/turn               (no ring)
MPRegen 0.13/turn               (no ring)

@: lethally poisoned (-1 -> -4), about to teleport
A: no striking features
a: no special abilities


You were on level 4 of the Dungeon.
You visited 1 branch of the dungeon, and saw 4 of its levels.

You collected 99 gold pieces.

Inventory:

Hand Weapons
 a - a +0 dagger
 l - a +1 dagger of electrocution (weapon)
Missiles
 g - 46 arrows
 h - 39 stones
 n - 3 curare-tipped darts
 p - a throwing net
Armour
 b - a +0 robe (worn)
 c - a +0 hat (worn)
 m - a +0 cloak (worn)
Scrolls
 i - a scroll of teleportation
 j - 2 scrolls of magic mapping
 s - a scroll of noise {unknown}
Potions
 d - a potion of magic {unknown}
 e - 3 potions of curing
 f - 2 potions of degeneration {unknown}
 k - a potion of lignification {unknown}
 o - a potion of brilliance {unknown}
 q - a potion of invisibility {unknown}


   Skills:
 + Level 1.0 Short Blades
 + Level 3.3 Dodging
 + Level 3.0 Stealth
 + Level 5.8 Spellcasting
 + Level 2.3 Conjurations
 + Level 1.1 Summonings
 + Level 1.1 Translocations


You had 2 spell levels left.
You knew the following spells:

 Your Spells              Type           Power      Damage    Failure   Level
a - Magic Dart            Conj           60%        1d6       4%          1
b - Slow                  Hex            20%        N/A       11%         1
c - Blink                 Tloc           20%        N/A       11%         2
d - Conjure Flame         Conj/Fire      10%        6-21      21%         3
e - Mephitic Cloud        Conj/Pois/Air  8%         N/A       24%         3
f - Call Imp              Summ           10%        N/A       11%         2

Your spell library contained the following spells:

 Spells                   Type           Power      Damage    Failure   Level
 Dazzling Flash           Conj/Hex       20%        N/A       21%         3
 Agony                    Necr           5%         N/A       96%         5
 Silence                  Hex/Air        2%         N/A       96%         5


Dungeon Overview and Level Annotations

Branches:
Dungeon (4/15)
 Temple: D:4-7

Altars:


Message History

The hound skeleton is severely damaged.
The adder bites you but does no damage. The ufetubus closely misses you. x2
The hound skeleton bites you. The adder bites you.
You are poisoned.
The adder poisons you!
You hit the hound skeleton.
The hound skeleton is severely damaged.
You feel sick. The ufetubus barely misses you. x2
The hound skeleton bites you. The adder barely misses you.
The ufetubus closely misses you. x2
You hit the hound skeleton.
The hound skeleton is almost destroyed.
You feel sick. The hound skeleton closely misses you.
The ufetubus barely misses you. The ufetubus closely misses you.
The adder bites you. The hound skeleton barely misses you.
You hit the hound skeleton.
Lightning courses through the hound skeleton!
You destroy the hound skeleton!
You feel sick. The ufetubus misses you. The ufetubus barely misses you.
The adder closely misses you. The ufetubus hits you.
* * * LOW HITPOINT WARNING * * *
The ufetubus barely misses you.
Your Short Blades skill increases to level 1!
Your Stealth skill increases to level 3!
You feel better. The adder bites you but does no damage.
The ufetubus closely misses you. The ufetubus misses you. The adder bites you.
The adder misses you. The ufetubus closely misses you. The ufetubus hits you.
* * * LOW HITPOINT WARNING * * *
The ufetubus hits you.
* * * LOW HITPOINT WARNING * * *
The ufetubus hits you but does no damage.
The adder bites you.
* * * LOW HITPOINT WARNING * * *
You are lethally poisoned!
The adder poisons you!
As you read the scroll of teleportation, it crumbles to dust.
You feel strangely unstable.
* * * LOW HITPOINT WARNING * * *
You feel sick.
The ufetubus barely misses you. x2; The adder bites you.
You die...

#####.##
##......
##......#
##.......##
##.........#
.?.....<...#
##........(#
##...5S..##
##...@.##
##...##
###.# #.#
#.# #.# #.#
..#


You could see an adder and an ufetubus.

Vanquished Creatures
  A hound skeleton (D:4)
  An adder (D:3)
  A worm (D:2)
  5 dart slugs
  An orc (D:3)
  8 ball pythons
  6 bats
  6 endoplasms
  2 giant cockroaches (D:1)
  8 goblins
  5 hobgoblins
  9 kobolds
  3 quokkas
  5 rats
61 creatures vanquished.

Vanquished Creatures (collateral kills)
  An endoplasm (D:3)
1 creature vanquished.

Grand Total: 62 creatures vanquished

Notes
Turn   | Place    | Note
-------+----------+-------------------------------------------
     0 | D:1      | croobank the Deep Elf Hedge Wizard began the quest for the
                  | Orb.
     0 | D:1      | Reached XP level 1. HP: 10/10 MP: 7/7
   131 | D:1      | Reached XP level 2. HP: 8/15 MP: 4/9
   793 | D:1      | Reached skill level 5 in Spellcasting
   940 | D:1      | Reached XP level 3. HP: 19/19 MP: 8/11
   942 | D:1      | Learned a level 1 spell: Slow
   945 | D:1      | Learned a level 2 spell: Blink
   949 | D:1      | Learned a level 3 spell: Conjure Flame
   953 | D:1      | Learned a level 3 spell: Mephitic Cloud
  2797 | D:2      | Reached XP level 4. HP: 24/24 MP: 11/13
  2801 | D:2      | Learned a level 2 spell: Call Imp
  4264 | D:3      | Found a faded altar of an unknown god.
  4376 | D:4      | Reached skill level 1 in Short Blades
  4380 | D:4      | Slain by an adder

Illustrated notes

Levels and vault maps discovered:
D:1:      wheals_arrival_shading, layout_basic, minmay_vboxes
D:2:      layout_basic, serial_co_window_serial, co_window_of_opportunity_a,
          co_window_paths_a, co_window_corner_a, co_window_paths_b,
          co_window_paths_b, co_window_of_opportunity_b, co_window_broadway_a,
          co_window_corner_b, glass_columns_a, glass_columns_a
D:3:      layout_basic, dreamdust_ecumenical_altar_sealed_demon
D:4:      layout_loops_ring, nicolae_overflow_hidden_temple, uniq_ijyb,
          uniq_natasha

Skill      XL: |  1  2  3  4 |
---------------+-------------+-----
Dodging        | 3 |  3.3
Spellcasting   | 5 |  5.8
Conjurations   | 2 |  2.3
Short Blades   | 1 |  1.0
Stealth        | 3 |  3.0
Summonings     | |  1.1
Translocations | |  1.1

Action                   |  1- 3 |  4- 6 || total
-------------------------+-------+-------++-------
Melee: Dagger            |    47 |    23 ||    70
 Cast: Magic Dart        |   112 |    34 ||   146
  Use: Scroll            |     2 |     4 ||     6
       Potion            |       |     1 ||     1
Armor: Robe              |     7 |     8 ||    15
Dodge: Dodged            |    33 |    45 ||    78

Table legend: (Time is in decaauts)
 A = Elapsed time spent in this place.
 B = Non-inter-level travel time spent in this place.
 C = Inter-level travel time spent in this place.
 D = Time resting spent in this place.
 E = Time spent auto-exploring this place.
 F = Levels seen in this place.
 G = Mean time per level.
                   A        B        C        D        E       F      G
               +--------+--------+--------+--------+--------+-----+--------+
         Total |   4377 |   4314 |     63 |    643 |   3133 |   4 | 1094.2 |
       Dungeon |   4377 |   4314 |     63 |    643 |   3133 |   4 | 1094.2 |
               +--------+--------+--------+--------+--------+-----+--------+

Top non-repeatable levels by time:
     D:1: 2012 daAuts
     D:3: 1276 daAuts
     D:2: 1074 daAuts
     D:4: 13 daAuts
